Map: New Repugnancy LE

Players

Cobra - Winner!

  • Race: Protoss Protoss
  • League: Gold
  • Spawn Location: 1:00

Mesrob

  • Race: Terran Terran
  • League: Platinum
  • Spawn Location: 7:00

VOD

Have the link to the VOD?

Description

Time

  • Played on: July 11, 2019, 3:55 p.m.
  • Length: 9:01
Show
View Real Time Build Order
Export as new Build Order

Cobra Protoss - Winner!

Build Orders: 1 Gate Expand 

Get SALT Encoding   

  12  0:02  Probe  
  13  0:14  Probe  
  14  0:28  Probe  
  15  0:31  Pylon  
  15  0:34  Assimilator  
  15  0:48  Probe  
  16  0:51  Gateway  
  16  0:56  Probe  
  17  1:05  Probe  
  18  1:16  Probe  
  19  1:30  Nexus  
  19  1:41  Probe  
  19  1:45  Assimilator  
  20  1:52  Cybernetics Core  
  20  1:57  Probe  
  21  2:05  Probe  
  21  2:13  Probe  
  23  2:33  Stargate  
  23  2:42  Probe  
  23  2:47  Probe  
  24  2:54  Probe, Stargate  
  24  2:56  Pylon  
  25  2:59  Probe  
  26  3:06  Probe  
  26  3:08  Pylon  
  26  3:10  Pylon  
  26  3:11  Probe  
  28  3:13  Void Ray  
  28  3:18  Probe  
  28  3:25  Probe  
  28  3:26  Probe  
  35  3:36  Probe  
  35  3:37  Probe  
  37  3:44  Void Ray  
  41  3:48  Probe  
  41  3:49  Probe  
  43  4:00  Probe  
  43  4:01  Probe  
  45  4:09  Protoss Air Weapons Level 1  
  45  4:12  Forge  
  45  4:13  Cybernetics Core, Probe x2  
  47  4:21  Void Ray  
  51  4:31  Assimilator  
  51  4:32  Assimilator  
  51  4:46  Photon Cannon  
  51  4:48  Photon Cannon  
  51  4:52  Photon Cannon  
  51  5:03  Nexus  
  51  5:07  Pylon, Probe  
  51  5:09  Pylon, Probe  
  53  5:15  Probe  
  53  5:20  Void Ray  
  58  5:21  Probe  
  58  5:24  Probe  
  58  5:26  Void Ray  
  64  5:33  Probe  
  64  5:35  Protoss Air Armor Level 1  
  65  5:43  Protoss Shields Level 1  
  64  5:58  Pylon, Stargate  
  64  6:26  Void Ray  
  64  6:27  Void Ray  
  72  6:33  Probe x3  
  72  6:39  Stargate  
  75  6:45  Probe x3  
  78  6:50  Assimilator  
  78  6:53  Probe  
  78  6:54  Probe x2  
  78  6:58  Assimilator  
  78  7:01  Void Ray, Probe  
  81  7:02  Probe x2  
  88  7:09  Void Ray  
  92  7:26  Probe  
  93  7:37  Probe  
  93  7:38  Probe  
  93  7:42  Pylon x2  
  93  7:44  Pylon  
  93  7:46  Pylon  
  93  7:47  Pylon  
  93  8:00  Void Ray x2  
  93  8:01  Probe x3  
  104  8:06  Pylon  
  104  8:08  Photon Cannon  
  104  8:10  Photon Cannon  
  104  8:13  Photon Cannon  
  104  8:14  Photon Cannon  
  104  8:17  Photon Cannon  
  108  8:31  Nexus  
  108  8:32  Pylon  
  108  8:34  Pylon  
  108  8:36  Assimilator  
  108  8:40  Assimilator  
Show
View Real Time Build Order
Export as new Build Order

Mesrob Terran 

Build Orders: 2 Factory, Reaper Expand 

Get SALT Encoding   

  12  0:01  SCV  
  13  0:13  SCV  
  14  0:17  Supply Depot  
  14  0:25  SCV  
  15  0:39  SCV  
  15  0:40  Barracks  
  16  0:45  Refinery  
  16  0:55  SCV  
  17  1:08  SCV  
  18  1:20  SCV  
  19  1:32  Orbital Command  
  18  1:41  Command Center  
  18  1:47  Reaper  
  19  2:06  Factory  
  19  2:09  SCV  
  20  2:21  Supply Depot, SCV  
  21  2:24  Refinery  
  21  2:28  Barracks Reactor  
  21  2:37  SCV  
  22  2:49  SCV  
  23  3:01  Factory, SCV  
  23  3:04  Orbital Command  
  24  3:13  SCV  
  25  3:25  Hellion x2, SCV  
  30  3:34  SCV  
  31  3:38  SCV  
  32  3:42  Armory  
  32  3:46  SCV  
  33  3:48  Supply Depot  
  33  3:50  Refinery, SCV  
  33  3:51  Hellion x2  
  33  3:52  Factory Tech Lab  
  38  3:58  SCV  
  38  4:02  SCV  
  40  4:10  SCV  
  40  4:12  Hellion x2  
  40  4:14  SCV  
  46  4:19  Cyclone  
  46  4:22  SCV  
  50  4:26  SCV  
  50  4:30  Engineering Bay, Terran Vehicle Weapons Level 1  
  51  4:33  Infernal Pre-Igniter  
  51  4:37  SCV  
  51  4:38  SCV  
  53  4:41  Refinery  
  53  4:47  Supply Depot  
  53  5:04  SCV  
  54  5:09  Hellion x2, Supply Depot, SCV, Cyclone  
  62  5:16  Supply Depot x2  
  62  5:29  Command Center  
  62  5:33  Factory  
  62  5:35  SCV x2  
  64  5:40  Supply Depot  
  64  5:45  Supply Depot  
  64  5:47  SCV x2  
  64  5:48  Hellion x2  
  64  5:49  Cyclone  
  73  5:52  Mag-Field Accelerator  
  73  6:09  Hellion  
  68  6:20  Factory Tech Lab  
  68  6:21  Cyclone  
  68  6:29  Terran Vehicle And Ship Armor Level 1  
  68  6:31  SCV  
  68  6:32  SCV  
  70  6:40  Supply Depot  
  70  6:43  Factory, SCV  
  70  6:44  SCV, Cyclone  
  75  6:48  Hellion x2  
  75  6:53  Cyclone  
  82  7:03  Missile Turret  
  82  7:04  Supply Depot  
  82  7:16  Cyclone  
  82  7:17  SCV x2  
  82  7:20  Planetary Fortress  
  87  7:25  Missile Turret, Cyclone  
  87  7:27  Supply Depot  
  90  7:31  Armory  
  90  7:39  Supply Depot  
  89  7:49  SCV x2  
  91  7:52  Missile Turret  
  91  7:59  Refinery  
  91  8:01  SCV x2  
  91  8:03  Supply Depot  
  93  8:12  SCV  
  94  8:13  SCV x2  
  94  8:16  Hellion x2, Factory Tech Lab, Cyclone x2  
  106  8:21  Factory, Missile Turret  
  106  8:24  SCV  
  104  8:30  Missile Turret  
  58  8:52  Missile Turret  
Tags
 
Add a new tag
Caveats
  • Supply blocks, unpowered buildings, or Contaminate may cause inaccurate times.
  • Supply counts are checked every 10 seconds.